 Dungeon Crawl Stone Soup version 0.16-a0-3544-gf6bfca6 (webtiles) character file.

520 Gronka the Ruffian (level 7, 0/68 HPs)
             Began as a Troll Monk on Jan 9, 2015.
             Was a Believer of Okawaru.
             Slain by Gronka's ghost (5 damage)
             ... on level 5 of the Dungeon.
             The game lasted 00:10:58 (3649 turns).

Gronka the Ruffian (Troll Monk)                     Turns: 3649, Time: 00:10:58

Health: 0/68       AC:  5    Str: 22    XL:     7   Next: 1%
Magic:  3/3        EV: 12    Int:  6    God:    Okawaru [**....]
Gold:   221        SH:  0    Dex: 12    Spells: 0 memorised, 6 levels left

rFire  . . .     SeeInvis .       - Unarmed
rCold  . . .     Clarity  .     a - +0 robe
rNeg   . . .     SustAb   .     (shield restricted)
rPois  .         Gourm    +     (helmet restricted)
rElec  .         Spirit   .     (no cloak)
rCorr  .         Warding  .     (gloves unavailable)
rMut   .         Stasis   .     (boots unavailable)
MR     .....                    (no amulet)
Stlth  ++........               (no ring)
                                b - +1 ring of evasion

@: very slightly contaminated, hasted, very quick, not resistant to hostile
enchantments, unstealthy
A: unfitting armour, claws 3, fast metabolism 3, gourmand, regeneration 2,
shaggy fur 1, tough skin 2
a: Heroism, Renounce Religion


You were on level 5 of the Dungeon.
You worshipped Okawaru.
Okawaru was pleased with you.
You were very hungry.

You visited 1 branch of the dungeon, and saw 5 of its levels.

You collected 221 gold pieces.

Inventory:

Armour
 a - a +0 robe (worn)
Jewellery
 b - a +1 ring of evasion (left claw)
 e - an uncursed amulet of stasis
 s - an uncursed amulet of the gourmand
Scrolls
 c - 3 scrolls of random uselessness {unknown}
 d - 3 scrolls of teleportation
 f - 2 scrolls of magic mapping {unknown}
 h - 2 scrolls of immolation {unknown}
 i - 6 scrolls of identify {unknown}
 k - a scroll of enchant armour {unknown}
 m - 2 scrolls of remove curse
 p - a scroll of summoning {unknown}
 q - a scroll of recharging {unknown}
 u - a scroll of enchant weapon {unknown}
 v - a scroll of fear {unknown}
 w - 2 scrolls of amnesia
Potions
 g - a potion of flight {unknown}
 j - a potion of ambrosia
 n - a potion of cancellation {unknown}
Comestibles
 l - 3 bread rations


   Skills:
 + Level 3.7 Fighting
 + Level 4.2 Dodging
 + Level 2.2 Stealth
 + Level 5.7 Unarmed Combat


You had 6 spell levels left.
You didn't know any spells.

Dungeon Overview and Level Annotations

Branches:
Dungeon (5/15)
 Temple: D:4-7

Altars:
Nemelex Xobeh
Okawaru

Annotations:
D:5 Gronka's ghost, experienced HOFi


Innate Abilities, Weirdness & Mutations

You are too large for most types of armour.
You have claws for hands.
Your metabolism is lightning-fast.
You like to eat raw meat.
You heal very quickly.
You are covered in fur (AC +1).
You have very tough skin (AC +2).


Message History

You are too injured to fight recklessly!
Drink which item? (? for menu, Esc to quit)
You feel yourself speed up. Gronka's ghost hits you!
* * * LOW HITPOINT WARNING * * *
You are very lightly contaminated with residual magic.
You are too injured to fight recklessly!
You are too injured to fight recklessly!
You are too injured to fight recklessly!
You are too injured to fight recklessly!
You are too injured to fight recklessly!
You are too injured to fight recklessly!
You are too injured to fight recklessly!
You are too injured to fight recklessly!
You scratch Gronka's ghost.
Gronka's ghost is heavily damaged.
You are feeling very hungry.
You scratch Gronka's ghost but do no damage.
Gronka's ghost is heavily damaged.
Gronka's ghost hits you.
You die...

#.......# # . #.......#
# ..########.......#####
.........##............
..........##............
..........######..######
#.......# #..# #....W..#
#..# #....@..# #..#
#.......# #..# #.......#
#..# #.......######..#
#...............#
#######.#######.#
#.........# ###########


You could see Gronka's ghost.

Vanquished Creatures
  Prince Ribbit (D:5)
  A water moccasin skeleton (D:3)
  A giant frog zombie (D:5)
  An orc priest (D:5)
  2 orc wizards
  A worker ant (D:4)
  4 adders
  2 giant mites
  3 worms
  An adder zombie (D:5)
  4 giant geckos
  2 oozes
  7 orcs
  2 ball pythons (D:3)
  7 bats
  A bat skeleton (D:4)
  5 giant cockroaches
  8 hobgoblins
  3 jackals (D:3)
  3 quokkas
  5 giant newts
  5 goblins
  10 kobolds
  10 rats
89 creatures vanquished.

Notes
Turn   | Place    | Note
--------------------------------------------------------------
     0 | D:1      | Gronka, the Troll Monk, began the quest for the Orb.
     0 | D:1      | Reached XP level 1. HP: 22/22 MP: 1/1
   113 | D:1      | Reached XP level 2. HP: 29/29 MP: 1/1
   555 | D:2      | Reached XP level 3. HP: 32/36 MP: 2/2
  1235 | D:3      | Reached XP level 4. HP: 41/45 MP: 2/2
  1559 | D:3      | Reached XP level 5. HP: 51/53 MP: 2/2
  1749 | D:4      | Reached skill level 5 in Unarmed Combat
  2526 | D:4      | Found an iron altar of Okawaru.
  2794 | D:4      | Became a worshipper of Warmaster Okawaru
  2794 | D:4      | Acquired Okawaru's first power
  3058 | D:5      | Entered Level 5 of the Dungeon
  3198 | D:5      | Reached XP level 6. HP: 21/61 MP: 3/3
  3303 | D:5      | Noticed Prince Ribbit
  3321 | D:5      | Killed Prince Ribbit
  3321 | D:5      | Reached XP level 7. HP: 26/68 MP: 3/3
  3594 | D:5      | Found a sparkling altar of Nemelex Xobeh.
  3630 | D:5      | Noticed Gronka's ghost (experienced HOFi)
  3649 | D:5      | Slain by Gronka's ghost

Action                   |  1- 3 |  4- 6 |  7- 9 || total
-------------------------+-------+-------+-------++-------
Melee: Unarmed           |   111 |   155 |    19 ||   285
  Use: Scroll            |     3 |       |       ||     3
       Potion            |       |     5 |     1 ||     6
 Stab: Sleeping          |     3 |     1 |       ||     4
  Eat: Meat ration       |     1 |     2 |       ||     3
       Bread ration      |     1 |       |       ||     1
       Chunk             |       |     4 |       ||     4
       Pizza             |       |     2 |     1 ||     3
       Fruit             |       |     1 |     1 ||     2
